 Dungeon Crawl Stone Soup version 0.22-a0-448-g1fb7470 (webtiles) character file.

46306 Darkstone the Severer (level 14, -10/127 HPs)
             Began as a Minotaur Berserker on June 4, 2018.
             Was a High Priest of Trog.
             Mangled by a death yak (12 damage)
             ... on level 4 of the Lair of Beasts.
             The game lasted 01:48:59 (27037 turns).

Darkstone the Severer (Minotaur Berserker)         Turns: 27037, Time: 01:49:00

Health: -10/127    AC: 22    Str: 23    XL:     14   Next: 4%
Magic:  13/13      EV: 10    Int:  4    God:    Trog [*****.]
Gold:   968        SH: 10    Dex: 14    Spells: 13/13 levels left

rFire    . . .     SeeInvis +   i - +0 scimitar (flame)
rCold    + . .     Gourm    .   A - +2 shield
rNeg     . . .     Faith    .   c - +2 plate armour {MR+}
rPois    .         Spirit   .   N - +0 hat {SInv}
rElec    .         Reflect  .   j - +0 cloak
rCorr    .         Harm     .   v - +0 pair of gloves
MR       ++...                  G - +0 pair of boots
Stlth    ..........             (no amulet)
HPRegen  0.31/turn              L - ring of protection from cold
MPRegen  0.13/turn              (no ring)

@: berserk cooldown, slowed, very slow
A: retaliatory headbutt, horns 2
a: Berserk, Trog's Hand, Brothers in Arms, Renounce Religion


You were on level 4 of the Lair of Beasts.
You worshipped Trog.
Trog was extremely pleased with you.
You were not hungry.

You visited 3 branches of the dungeon, and saw 19 of its levels.
You also visited: Sewer.

You collected 1080 gold pieces.
You spent 112 gold pieces at shops.

Inventory:

Hand Weapons
 b - a +0 war axe
 d - a +2 executioner's axe of chopping
 i - a +0 scimitar of flaming (weapon)
 C - a +5 battleaxe of freezing
 F - a +2 vampiric spear
Missiles
 q - 23 tomahawks (quivered)
Armour
 c - a +2 plate armour of magic resistance (worn)
 j - a +0 cloak (worn)
 v - a +0 pair of gloves (worn)
 A - a +2 shield (worn)
 G - a +0 pair of boots (worn)
 K - a cursed +0 pair of boots
 N - a +0 hat of see invisible (worn)
Jewellery
 L - a ring of protection from cold (left hand)
Wands
 o - a wand of flame (55)
 w - a wand of acid (14)
 y - a wand of iceblast (6)
 H - a wand of paralysis (14)
 I - a wand of scattershot (16)
 P - a wand of random effects (50)
 Q - a wand of disintegration (11)
Scrolls
 a - 2 scrolls of fog
 e - 2 scrolls of enchant armour
 f - 2 scrolls of magic mapping
 k - 13 scrolls of teleportation
 r - 2 scrolls of enchant weapon {unknown}
 t - a scroll of acquirement
 D - 2 scrolls of fear
 O - 7 scrolls of remove curse
 R - 2 scrolls of identify
Potions
 g - a potion of flight
 l - 6 potions of curing
 m - 3 potions of ambrosia
 n - 3 potions of agility
 p - 4 potions of haste
 u - 4 potions of brilliance
 x - a potion of resistance
 z - 6 potions of lignification
 B - a potion of magic
 E - 2 potions of might
Miscellaneous
 s - 2 phantom mirrors
 M - a lightning rod (4/4)
Comestibles
 J - 18 rations


   Skills:
 + Level 12.7 Fighting
 * Level 8.3 Long Blades
 + Level 16.4 Axes
 + Level 12.4 Armour
 + Level 11.6 Dodging
 - Level 5.4 Stealth


You had 13 spell levels left.
You didn't know any spells.
Your spell library contained the following spells:

 Spells                   Type           Power        Failure   Level  Hunger
 Confuse                  Hex            #.......     100%        3    ####...
 Regeneration             Chrm/Necr      #.........   100%        3    ####...
 Stone Arrow              Conj/Erth      #.....       100%        3    ####...
 Confusing Touch          Hex            #.....       100%        1    ##.....
 Passwall                 Tmut/Erth      #.......     100%        2    ###....
 Metabolic Englaciation   Hex/Ice        #.........   100%        5    ######.
 Lee's Rapid Deconstruct  Erth           #.........   100%        5    ######.
 Sandblast                Erth           #.....       100%        1    ##.....
 Petrify                  Tmut/Erth      #.......     100%        4    #####..
 Shroud of Golubria       Chrm/Tloc      #.........   100%        2    ###....
 Infusion                 Chrm           #...         100%        1    ##.....
 Song of Slaying          Chrm           #.......     100%        2    ###....
 Spectral Weapon          Hex/Chrm       #.......     100%        3    ####...
 Gell's Gravitas          Tloc           #.........   100%        3    ####...
 Yara's Violent Unravell  Hex/Tmut       #.........   100%        5    ######.


Dungeon Overview and Level Annotations

Branches:
Dungeon (13/15)            Temple (1/1) D:6            Lair (5/6) D:10
  Swamp (0/4) Lair:2       Spider (0/4) Lair:3          Orc (0/2) D:10
 Vaults (0/5) D:13
  Slime: Lair:5-6

Altars:
Ashenzari
Cheibriados
Dithmenos
Elyvilon
Fedhas
Gozag
Hepliaklqana
Kikubaaqudgha
Makhleb
Nemelex Xobeh
Okawaru
Qazlal
Ru
Sif Muna
Trog
Uskayaw
Vehumet
Wu Jian
Xom
Yredelemnul
Zin
The Shining One

Shops:
D:9 *   D:12 *


Innate Abilities, Weirdness & Mutations

You reflexively headbutt those who attack you in melee.
You have a pair of horns on your head.


Message History

The bullfrog hits your ogre!
Your ogre hits the bullfrog with a giant spiked club!!
The bullfrog dies!
Trog accepts your kill.
You feel your anger nearly subside.
You are no longer berserk.
You are exhausted.
You feel yourself slow down.
Your ogre hits the death yak with a giant spiked club!!
The death yak gores your ogre!
Your ogre hits the death yak with a giant spiked club.
The death yak gores your ogre! x2
Your ogre dies!
Your ogre's corpse disappears in a puff of smoke!
You block the yak's attack.
Found a stone staircase leading down.
You block the yak's attack. The yak barely misses you. The death yak gores you!
* * * LOW HITPOINT WARNING * * *
The death yak gores you!
You die...

#....... ######...#.P
########PPP.......# ##.
.......<..P.......#.....
.#......##.#P.....<...#
Y........................
......#####......P####..
#....# ###...##.##
#YP..## #.#÷Y@####
#.....# ##..YY##
##...Y#####Yh...#
##.....##P..#Y...####
#...>...............#
##....†..........PP..#
#..........#.##..###.#
##.........#.##..# .#
#........P#.##..# .


You could see 3 death yaks, a polar bear and 2 yaks.

Vanquished Creatures
  Gastronok (D:8)
  Snorg (D:13)
  5 hydras
  2 centaur warriors (D:13)
  3 two-headed ogres
  A tengu warrior (D:11)
  A lindwurm (shapeshifter) (D:11)
  An orb spider (Lair:3)
  3 ugly things
  5 cyclopes
  2 black mambas
  An elephant (Lair:1)
  A torpor snail (Lair:2)
  5 spiny frogs
  2 komodo dragons
  An efreet (D:13)
  8 trolls
  2 hornets
  Prince Ribbit (D:7)
  9 hippogriffs
  A bog body (Lair:2)
  9 slime creatures
  A shadow (D:13)
  2 spriggans (Lair:1)
  30 yaks
  4 hogs (D:8)
  A human (D:8)
  2 basilisks (D:10)
  A hungry ghost (D:7)
  2 wyverns
  2 steam dragons
  3 swamp worms (Lair:2)
  An acid dragon (D:13)
  6 water moccasins
  5 porcupines
  A swamp drake (D:10)
  3 phantoms
  6 sky beasts
  A hornet zombie (D:9)
  2 eyes of draining
  5 orc warriors
  A necrophage (D:12)
  5 ogres
  3 wolves (Lair:3)
  14 centaurs
  13 crocodiles
  The ghost of edsrzf the Conjurer, an amateur OpFE (D:3)
  7 big kobolds
  8 bullfrogs
  A gnoll sergeant (D:12)
  A wyvern zombie (D:13)
  6 scorpions
  7 killer bees
  2 howler monkeys
  A vampire bat (D:8)
  2 electric eels (Lair:2)
  3 centaur zombies
  8 crimson imps
  A quasit (D:11)
  5 hounds
  A jelly (D:11)
  7 bullfrog skeletons
  11 orc priests
  6 centaur skeletons
  8 iguanas
  Natasha (thrice) (D:4)
  13 orc wizards
  10 worker ants
  2 hound skeletons
  A howler monkey zombie (D:8)
  5 gnolls
  15 adders
  4 shadow imps
  6 oozes
  2 adder zombies
  5 worms
  2 dart slugs
  11 leopard geckos
  40 orcs
  11 bats
  11 giant cockroaches
  5 goblins
  8 hobgoblins
  8 jackals
  19 kobolds
  4 quokkas
  5 ball pythons
  A ball python skeleton (D:5)
  5 frilled lizards
  15 rats
  A fungus (D:5)
477 creatures vanquished.

Vanquished Creatures (collateral kills)
  The ghost of Darkstone the Severer, a journeyman MiBe of Trog (Lair:4)
  8 vault guards (D:13)
  A hydra (D:11)
  A black mamba (Lair:4)
  A troll (D:8)
  6 orc warriors
  2 ogres (D:10)
  2 big kobolds (D:10)
  2 gnoll sergeants (D:10)
  2 bullfrogs
  A scorpion (D:8)
  3 gnolls (D:10)
  4 orcs
34 creatures vanquished.

Vanquished Creatures (others)
  An orc wizard (D:7)
  16 fungi
  6 plants
23 creatures vanquished.

Grand Total: 534 creatures vanquished

Notes
Turn   | Place    | Note
-------+----------+-------------------------------------------
     0 | D:1      | Darkstone the Minotaur Berserker began the quest for the Orb.
     0 | D:1      | Reached XP level 1. HP: 19/19 MP: 0/0
   861 | D:1      | Reached XP level 2. HP: 27/27 MP: 1/1
  1106 | D:2      | Reached skill level 4 in Axes
  1372 | D:3      | Reached XP level 3. HP: 33/33 MP: 2/2
  1412 | D:3      | Found a radiant altar of Vehumet.
  1599 | D:3      | Found a glowing drain.
  1612 | D:3      | Reached skill level 1 in Stealth
  1616 | D:3      | Noticed edsrzf's ghost (amateur OpFE)
  1619 | Sewer    | Entered a sewer
  1696 | Sewer    | Noticed a big kobold
  1724 | Sewer    | Killed a big kobold
  1724 | Sewer    | Reached XP level 4. HP: 23/41 MP: 3/3
  1880 | Sewer    | Reached skill level 5 in Axes
  1880 | Sewer    | Reached XP level 5. HP: 47/47 MP: 4/4
  2210 | Sewer    | Reached XP level 6. HP: 47/53 MP: 5/5
  2313 | Sewer    | Reached ** piety under Trog
  2488 | Sewer    | Reached skill level 6 in Axes
  2811 | D:3      | Killed edsrzf's ghost
  2811 | D:3      | Reached skill level 5 in Fighting
  3467 | D:2      | Found a basalt altar of Yredelemnul.
  3511 | D:2      | Reached XP level 7. HP: 61/61 MP: 6/6
  3593 | D:2      | Reached *** piety under Trog
  4831 | D:5      | Entered Level 5 of the Dungeon
  4898 | D:4      | Reached skill level 7 in Axes
  5167 | D:4      | Noticed Natasha
  5173 | D:4      | Killed Natasha
  5228 | D:4      | Got a pitted dagger
  5234 | D:4      | Reached XP level 8. HP: 61/70 MP: 7/7
  5307 | D:4      | Found a glowing silver altar of Zin.
  5339 | D:4      | Reached skill level 5 in Armour
  5390 | D:4      | Noticed Natasha
  5399 | D:4      | Killed Natasha
  5508 | D:4      | Noticed Natasha
  5515 | D:4      | Killed Natasha
  5655 | D:5      | Got a scorched falchion
  5746 | D:5      | Reached skill level 8 in Axes
  5746 | D:5      | Reached skill level 5 in Dodging
  6382 | D:5      | Found a sacrificial altar of Ru.
  7191 | D:6      | Found a staircase to the Ecumenical Temple.
  7198 | D:6      | Reached skill level 9 in Axes
  7201 | Temple   | Entered the Ecumenical Temple
  7450 | D:6      | Reached XP level 9. HP: 65/78 MP: 8/8
  8245 | D:6      | Identified the +10 falchion of Irritation {pain, *Drain rF+ SInv} (You found it on level 5 of the Dungeon)
  8751 | D:6      | Found an iron altar of Okawaru.
  9419 | D:7      | Noticed Prince Ribbit
  9552 | D:7      | Reached **** piety under Trog
 10075 | D:7      | Killed Prince Ribbit
 10075 | D:7      | Reached skill level 10 in Axes
 10432 | D:8      | Noticed Gastronok
 10566 | D:8      | Killed Gastronok
 10566 | D:8      | Reached skill level 11 in Axes
 10566 | D:8      | Reached skill level 5 in Stealth
 10566 | D:8      | Reached XP level 10. HP: 88/88 MP: 9/9
 12018 | D:9      | Noticed a cyclops
 12133 | D:10     | Entered Level 10 of the Dungeon
 12242 | D:9      | Reached skill level 12 in Axes
 13069 | D:9      | Found Vagesaiss's General Store.
 13133 | D:9      | Reached ***** piety under Trog
 13211 | D:9      | Reached XP level 11. HP: 72/97 MP: 10/10
 14146 | D:10     | Received a gift from Trog
 14226 | D:10     | Noticed a two-headed ogre
 14234 | D:10     | Killed a two-headed ogre
 14446 | D:10     | Reached skill level 13 in Axes
 14748 | D:10     | Found a staircase to the Lair.
 15179 | D:10     | Found a staircase to the Orcish Mines.
 15194 | D:10     | Reached skill level 10 in Fighting
 15512 | D:11     | Noticed a white ugly thing
 15701 | D:11     | Killed a white ugly thing
 16012 | D:11     | Noticed a red ugly thing
 16017 | D:11     | Noticed a seven-headed hydra
 16025 | D:11     | Killed a red ugly thing
 16037 | D:11     | Noticed a lindwurm
 16037 | D:11     | a floating eye changed into a lindwurm
 16039 | D:11     | Killed a seven-headed hydra
 16039 | D:11     | Reached skill level 10 in Armour
 16051 | D:11     | Killed a lindwurm
 16066 | D:11     | Reached skill level 14 in Axes
 16260 | D:11     | Noticed a two-headed ogre
 16269 | D:11     | Killed a two-headed ogre
 16269 | D:11     | Reached XP level 12. HP: 30/108 MP: 11/11
 16711 | D:11     | Noticed a two-headed ogre
 16720 | D:11     | Killed a two-headed ogre
 16893 | D:11     | Got a dazzling great sword
 17057 | D:11     | Noticed a tengu warrior
 17068 | D:11     | Killed a tengu warrior
 17648 | D:12     | Found Avepraun's Assorted Antiques.
 17668 | D:12     | Reached skill level 10 in Dodging
 17950 | D:12     | Bought a scroll labeled ADIROK HOMODEMN for 28 gold pieces
 17950 | D:12     | Bought a scroll of remove curse for 84 gold pieces
 18469 | D:12     | You fall through a shaft!
 19076 | D:13     | Noticed a centaur warrior
 19102 | D:13     | Killed a centaur warrior
 19106 | D:13     | Reached skill level 15 in Axes
 19453 | D:13     | Noticed a vault guard
 19465 | D:13     | Noticed a vault guard
 19466 | D:13     | Killed a vault guard
 19466 | D:13     | Reached skill level 1 in Long Blades
 19467 | D:13     | Noticed a vault guard
 19467 | D:13     | Noticed a vault guard
 19468 | D:13     | Noticed a vault guard
 19468 | D:13     | Noticed a vault guard
 19469 | D:13     | Noticed a vault guard
 19470 | D:13     | Killed a vault guard
 19473 | D:13     | Killed a vault guard
 19473 | D:13     | Noticed a vault guard
 19474 | D:13     | Killed a vault guard
 19475 | D:13     | Killed a vault guard
 19475 | D:13     | Killed a vault guard
 19477 | D:13     | Killed a vault guard
 19479 | D:13     | Killed a vault guard
 19867 | D:13     | Identified a scroll of acquirement
 19885 | D:13     | Found a gate to the Vaults.
 19993 | D:13     | Found a shimmering altar of Xom.
 20016 | D:13     | Reached XP level 13. HP: 115/117 MP: 12/12
 20075 | D:13     | Noticed Snorg
 20094 | D:13     | Killed Snorg
 20337 | D:13     | Received a gift from Trog
 21550 | D:11     | Reached skill level 5 in Long Blades
 21934 | Lair:1   | Entered Level 1 of the Lair of Beasts
 22065 | Lair:1   | Reached skill level 16 in Axes
 25103 | Lair:2   | Found a staircase to the Swamp.
 26415 | Lair:3   | Found a hole to the Spider Nest.
 26807 | Lair:4   | Reached XP level 14. HP: 69/127 MP: 13/13
 26889 | Lair:4   | Noticed Darkstone's ghost (journeyman MiBe)
 26918 | Lair:4   | Killed Darkstone's ghost
 27026 | Lair:4   | HP: 6/190 [polar bear (12)]
 27036 | Lair:4   | HP: 1/127 [death yak (7)]
 27037 | Lair:4   | Mangled by a death yak

Vault maps used:
D:1:      minmay_arrival_four_circles, serial_bayou_ford_a
D:2:      minmay_roachtagon, yredelemnul_altar_generic, nrook_mini_backslash,
          minmay_domino_2
D:3:      lemuel_doored_altar, portal_sewer_entry_f
D:4:      kennysheep_mini, uniq_natasha
D:5:      kennysheep_steamy, first_ration, nicolae_ru_path_of_blood
D:6:      nicolae_overflow_crystal_walls, minmay_temple_entry_statues_fountains
D:7:      uniq_prince_ribbit1
D:8:      roderic_batcave, grunt_livestock, uniq_gastronok
D:9:      cheibrodos_elevator_heist, serial_shops, shop
D:10:     erik_lair_dragon, kennysheep_orc_monster_closet_entryway,
          dk_vineyard_3
D:11:     minmay_the_grid_3x3
D:12:     serial_shops, shop, minmay_holes
D:13:     erik_vaults_2, basic_altar, minmay_gold_behind_fungi, uniq_snorg
Temple:   eino_narrow_crystal_temple
Lair:1:   wad_woods_tower
Lair:2:   nicolae_swamp_entry_splash_gauntlet, serial_bayou_lake_a
Lair:3:   nicolae_spider_entry_orb_guardian, lemuel_fruit_fields
Lair:4:   hibernation_bobbens
Lair:5:   dpeg_slime_entry_corner, lemuel_fruit_tree
Sewer:    sewer_co_tree

Skill      XL: |  1  2  3  4  5  6  7  8  9 10 11 12 13 |
---------------+----------------------------------------+-----
Axes           | 4 5 6 7 9 11 12 14 15 16 | 16.4
Fighting       | 4 5 6 8 9 10 11 12 | 12.7
Stealth        | 1 2 3 4 5 |  5.4
Armour         | 3 4 6 7 8 10 11 12 | 12.4
Dodging        | 3 4 5 7 8 9 10 11 | 11.6
Long Blades    | 3 8 |  8.3

Action                   |  1- 3 |  4- 6 |  7- 9 | 10-12 | 13-15 || total
-------------------------+-------+-------+-------+-------+-------++-------
Melee: Hand axe          |    67 |   156 |   465 |   229 |       ||   917
       Headbutt          |    11 |    22 |    92 |   202 |   154 ||   481
       War axe           |       |       |       |   462 |       ||   462
       Scimitar          |       |       |       |    27 |   454 ||   481
       Battleaxe         |       |       |       |    10 |       ||    10
Invok: Berserk           |     2 |     1 |    10 |    10 |    12 ||    35
       Trog's Hand       |       |       |     1 |       |       ||     1
       Brothers in Arms  |       |       |       |     7 |     3 ||    10
Evoke: Wand              |       |       |       |       |     4 ||     4
  Use: Scroll            |       |       |    13 |    20 |       ||    33
       Potion            |       |       |     3 |     5 |     2 ||    10
 Stab: Sleeping          |       |     1 |     4 |     1 |       ||     6
       Distracted        |       |     1 |       |     2 |       ||     3
       Confused          |       |       |       |     2 |       ||     2
  Eat: Ration            |     2 |     1 |     3 |     7 |     6 ||    19
       Chunk             |       |     3 |    20 |    20 |    14 ||    57
Armor: Leather armour    |     8 |    40 |   113 |    16 |       ||   177
       Animal skin       |     1 |       |       |       |       ||     1
       Plate armour      |       |       |       |   340 |   292 ||   632
Dodge: Dodged            |    36 |    64 |   218 |   218 |   209 ||   745
Block: Shield            |       |       |   114 |   349 |   262 ||   725
       Rpst.: Scimitar   |       |       |       |     4 |    46 ||    50

Table legend:
 A = Spawn XP
 B = Non-spawn XP
 C = Spawn XP percentage of total XP
 D = Spawn monster count
 E = Non-spawn monster count
 F = Spawn count percentage of total count
 G = Total turns spent on level
                    A         B        C        D         E        F      G
               +---------+---------+-------+---------+---------+-------+---------
         Total |       0 |   66152 |   0.0 |       0 |     511 |   0.0 | 27037
               +---------+---------+-------+---------+---------+-------+---------
           D:1 |       0 |      15 |   0.0 |       0 |       8 |   0.0 |  1092
           D:2 |       0 |     134 |   0.0 |       0 |      36 |   0.0 |   764
           D:3 |       0 |     188 |   0.0 |       0 |      23 |   0.0 |  1610
           D:4 |       0 |     738 |   0.0 |       0 |      17 |   0.0 |  1085
           D:5 |       0 |     963 |   0.0 |       0 |      18 |   0.0 |  1383
           D:6 |       0 |     998 |   0.0 |       0 |      28 |   0.0 |  1782
           D:7 |       0 |     901 |   0.0 |       0 |      27 |   0.0 |  1331
           D:8 |       0 |    4753 |   0.0 |       0 |      39 |   0.0 |  1714
           D:9 |       0 |    3290 |   0.0 |       0 |      42 |   0.0 |  1628
          D:10 |       0 |    4634 |   0.0 |       0 |      42 |   0.0 |  1811
          D:11 |       0 |    9970 |   0.0 |       0 |      58 |   0.0 |  2624
          D:12 |       0 |    2339 |   0.0 |       0 |      16 |   0.0 |  1188
          D:13 |       0 |   16645 |   0.0 |       0 |      50 |   0.0 |  2523
        Lair:1 |       0 |    6478 |   0.0 |       0 |      24 |   0.0 |  2135
        Lair:2 |       0 |    5658 |   0.0 |       0 |      30 |   0.0 |  1363
        Lair:3 |       0 |    5199 |   0.0 |       0 |      17 |   0.0 |  1325
        Lair:4 |       0 |    2763 |   0.0 |       0 |       8 |   0.0 |   276
         Sewer |       0 |     486 |   0.0 |       0 |      28 |   0.0 |  1183
               +---------+---------+-------+---------+---------+-------+---------
